 Dungeon Crawl Stone Soup version 0.29.0-4-gdea44cf6ec (webtiles) character file.

Game seed: 12563998411187425743

2 qw the Sneak (level 1, 0/10 HPs)
             Began as a Felid Delver on Aug 27, 2022.
             Slain by an adder (4 damage)
             ... on level 4 of the Dungeon.
             The game lasted 00:00:00 (54 turns).

qw the Sneak (Felid Delver)                           Turns: 54, Time: 00:00:00

Health: 0/10       AC:  1    Str:  8    XL:     1   Next: 25%
Magic:  2/2        EV: 17    Int: 11    God:
Gold:   0          SH:  0    Dex: 17    Spells: 0/0 levels left
                                        Lives:  0   Deaths: 0

rFire   . . .      SeeInvis +     - Unarmed
rCold   . . .      Faith    .   (shield unavailable)
rNeg    . . .      Spirit   .   (body armour unavailable)
rPois   .          Reflect  .   (helmet unavailable)
rElec   .          Harm     .   (cloak unavailable)
rCorr   .          Rampage  .   (gloves unavailable)
Will    .....                   (boots unavailable)
Stlth   +++.......              (no amulet)
HPRegen 0.03/turn               (no ring)
MPRegen 0.08/turn               (no ring)

@: lethally poisoned (0 -> -3), quick
A: very small, claws 1, fangs 3, see invisible, speed 1, shaggy fur 1, stealthy
paws, no weapons or thrown items, no armour, multi-lived
a: no special abilities


You were on level 4 of the Dungeon.
You visited 1 branch of the dungeon, and saw 2 of its levels.


Innate Abilities, Weirdness & Mutations

You have sharp claws.
You have razor-sharp teeth.
You have supernaturally acute eyesight. (SInv)
You cover ground quickly. (Speed+)
You are covered in fur. (AC +1)
Your paws help you pounce on unaware monsters.
You are incapable of wielding weapons or throwing items.
You cannot wear armour.
You gain extra lives every three experience levels.


   Skills:
 - Level 3.0 Fighting
 - Level 2.6 Dodging
 - Level 6.6 Stealth
 + Level 2.2 Unarmed Combat


You couldn't memorise any spells.
You didn't know any spells.
Your spell library was empty.

Inventory:

Wands
 e - a wand of digging (3)
Potions
 d - a potion of haste
 g - a potion of degeneration {unknown}

Dungeon Overview and Level Annotations

Branches:
Dungeon (5/15)
 Temple: D:4-7

Altars:


Message History

32 ||| DROPPING scroll of fog.
You drop a scroll of fog.
33 ||| DROPPING scroll of magic mapping.
You drop a scroll of magic mapping.
34 ||| DROPPING scroll of fear.
You drop a scroll of fear.
(D) Dungeon
Where to? (* - list waypoints, ? - help)
What level of the Dungeon? (default 1, ? - help)
Found a stone staircase leading down.
There is a stone staircase leading up here.
You climb upwards.
The orc shouts!
Found 5 gold pieces and a hand axe.
There is a stone staircase leading down here.
An orc is nearby!
Existing waypoints: (2) D:5 Assign waypoint to what number? (0-9, D - delete waypoint) Waypoint 1 assigned to D:4.
You scratch the orc.
The orc is heavily wounded.
The orc hits you with a +0 short sword.
You scratch the orc.
The orc is almost dead.
The orc misses you.
You scratch the orc.
You kill the orc!
An adder comes into view.
47 ||| Stepping ~*~*~tactically~*~*~ (stealth).
You start resting.
An adder is nearby!
The adder hisses angrily.
You scratch the adder.
The adder is heavily wounded.
The adder bites you.
You are poisoned.
The adder poisons you! The adder completely misses you.
You barely miss the adder.
The adder is heavily wounded.
You feel sick. The adder bites you.
You die...

## .## ##
###..#..
..... ###.)#
#.#@.# #.>S.#
#....)..#
#..........
###..##..#..S
#.. ..# ..
##. ... . ..
.... ## ####


You could see an adder.

Vanquished Creatures
  An orc (D:4)
1 creature vanquished.

Notes
Turn   | Place    | Note
-------+----------+-------------------------------------------
     0 | D:5      | qw the Felid Delver began the quest for the Orb.
     0 | D:5      | Reached XP level 1. HP: 10/10 MP: 2/2
     0 | D:5      | 0 ||| qw: Version: 0.1-a-89-g26bdef1
     0 | D:5      | 0 ||| qw: Game counter: 121
     0 | D:5      | 0 ||| qw: Always use a shield: true
     0 | D:5      | 0 ||| qw: God list: Okawaru, Trog
     0 | D:5      | 0 ||| qw: Allow faded altars: false
     0 | D:5      | 0 ||| qw: Do Orc after D:15 true
     0 | D:5      | 0 ||| qw: Do second Lair branch before Depths: true
     0 | D:5      | 0 ||| qw: Lair rune preference: random
     0 | D:5      | 0 ||| qw: Plans: Normal
     0 | D:5      | 0 ||| PLANNING D:1-11
    31 | D:5      | 31 ||| READING scroll labelled KOWNAKH INLEZ.
    32 | D:5      | 32 ||| DROPPING scroll of fog.
    33 | D:5      | 33 ||| DROPPING scroll of magic mapping.
    34 | D:5      | 34 ||| DROPPING scroll of fear.
    47 | D:4      | 47 ||| Stepping ~*~*~tactically~*~*~ (stealth).
    54 | D:4      | Slain by an adder

Levels and vault maps discovered:
D:4:      layout_cave_pools, palyth_temple_overflow_mages, minmay_snake_closets,
          uniq_grinder
D:5:      layout_basic, okawaru_trees_1, jmf_multi_god_temple, uniq_pikel

Action                   || total
-------------------------++-------
Melee: Unarmed           ||     5
  Use: Scroll            ||     1
Dodge: Dodged            ||     2

Table legend:
 A = Non-vault XP
 B = Vault XP
 C = Vault XP percentage of total XP
 D = Non-vault monster count
 E = Vault monster count
 F = Vault count percentage of total count
                 A         B        C        D         E       F
            +---------+---------+-------+---------+---------+-------
      Total |       3 |       0 |   0.0 |       1 |       0 |   0.0
            +---------+---------+-------+---------+---------+-------
        D:4 |       3 |       0 |   0.0 |       1 |       0 |   0.0
            +---------+---------+-------+---------+---------+-------
